 Dungeon Crawl Stone Soup version 0.30-a0-702-gdf48620a09 (webtiles) character file.

Game seed: 1569574184681839728

158 Weirdisaac the Chopper (level 5, 0/46 HPs)
             Began as a Draconian Monk on Jan 22, 2023.
             Succumbed to an adder's poison
             ... on level 4 of the Dungeon.
             The game lasted 00:08:24 (2025 turns).

Weirdisaac the Chopper (Draconian Monk)             Turns: 2025, Time: 00:08:25

Health: 0/46       AC:  5    Str: 15    XL:     5   Next: 16%
Magic:  5/5        EV: 13    Int: 10    God:
Gold:   134        SH:  0    Dex: 14    Spells: 4/4 levels left

rFire   . . .      SeeInvis .    a - +0 hand axe
rCold   . . .      Faith    .    (no shield)
rNeg    . . .      Spirit   .    (body armour unavailable)
rPois   .          Reflect  .    (helmet restricted)
rElec   .          Harm     .    (no cloak)
rCorr   .          Rampage  .    (no gloves)
Will    .....                    (no boots)
Stlth   ++                       (no amulet)
HPRegen 0.27/turn                d - ring of protection from fire
MPRegen 0.09/turn                (no ring)

@: lethally poisoned (0 -> -4)
A: AC +5, unfitting armour, cold-blooded, evolution 1, heat vulnerability 1
a: no special abilities


You were on level 4 of the Dungeon.
You visited 1 branch of the dungeon, and saw 6 of its levels.

You collected 134 gold pieces.

Inventory:

Hand Weapons
 a - a +0 hand axe (weapon)
Jewellery
 d - a ring of protection from fire (left hand)
Scrolls
 e - 2 scrolls of magic mapping
 g - 2 scrolls of identify
Potions
 b - a potion of ambrosia


   Skills:
 * Level 4.1 Fighting
 * Level 4.7 Axes
 * Level 3.6 Dodging
 - Level 1.7 Stealth


You had 4 spell levels left.
You didn't know any spells.
Your spell library contained the following spells:

 Spells                   Type           Power      Damage    Failure   Level
 Ignite Poison            Fire/Tmut/Pois 0%         N/A       75%         3
 Sticky Flame             Conj/Fire      0%         2d3       98%         4
 Ignition                 Fire           0%         3d3       100%        8


Dungeon Overview and Level Annotations

Branches:
Dungeon (6/15)
 Temple: D:4-7

Altars:


Innate Abilities, Weirdness & Mutations

Your plain brown scales are hard. (AC +5)
You cannot fit into any form of body armour.
You are cold-blooded and may be slowed by cold attacks.
You have hidden genetic potential.
You are vulnerable to heat. (rF-)


Message History

The adder barely misses you. Something hits you.
You hear some strange, mumbled words.
A magic dart appears from out of thin air!
The magic dart hits you.
You hit something. You barely miss the adder. You miss something.
The adder closely misses you. The adder bites you but does no damage.
You hear some strange, mumbled words.
A puff of flame appears from out of thin air!
The puff of flame hits you. Something hits you but does no damage.
You barely miss something. You miss something. You hit the adder.
The adder closely misses you.
You hear some strange, mumbled words.
A magic dart appears from out of thin air!
The magic dart hits you!
* * * LOW HITPOINT WARNING * * *
Something hits you but does no damage.
You barely miss the adder.
Your tail-slap misses the adder.
The adder is lightly wounded.
You closely miss something. You hit something. The adder closely misses you.
Something hits you.
* * * LOW HITPOINT WARNING * * *
You hear some strange, mumbled words.
Something tries to affect you, but you resist.
The adder barely misses you.
You feel better. Something hits you. The goblin hits you with a +0 dagger.
* * * LOW HITPOINT WARNING * * *
You hear some strange, mumbled words.
A magic dart appears from out of thin air!
The magic dart hits you!
* * * LOW HITPOINT WARNING * * *
The adder bites you.
* * * LOW HITPOINT WARNING * * *
You are lethally poisoned!
The adder poisons you!
You hit the adder.
The adder is moderately wounded.
You hit the goblin. You hit something.
Reactivating autopickup.
You feel a bit more experienced.
You miss something.
You die...

.#. .# ...# #.#.#
#..# #.#.# #
#..###.#.####
#.##...........##
#...............#
#...............[
#......S@........
#......g){.......
......)>.........
.#.....).........
#...............
##.............#
##...^.#....$##
...#####.#####
.### .8


You could see an adder and a goblin.

Vanquished Creatures
  An orc priest (D:3)
  Jessica (D:3)
  An orc wizard (D:4)
  3 adders
  2 worms (D:2)
  A dart slug (D:3)
  6 orcs
  8 endoplasms
  5 giant cockroaches (D:1)
  3 goblins
  5 hobgoblins
  6 jackals (D:2)
  3 quokkas
  A ball python (D:2)
  A bat (D:2)
  3 frilled lizards
  4 kobolds
  7 rats
61 creatures vanquished.

Notes
Turn   | Place    | Note
-------+----------+-------------------------------------------
     0 | D:1      | Weirdisaac the Draconian Monk began the quest for the Orb.
     0 | D:1      | Reached XP level 1. HP: 19/19 MP: 1/1
   156 | D:1      | Reached XP level 2. HP: 26/26 MP: 2/2
   598 | D:2      | Reached XP level 3. HP: 23/33 MP: 3/3
  1376 | D:3      | Reached XP level 4. HP: 38/40 MP: 4/4
  1757 | D:3      | Noticed Jessica
  1778 | D:3      | Killed Jessica
  1779 | D:3      | Reached XP level 5. HP: 44/46 MP: 5/5
  1961 | D:3      | You fall into a shaft and drop 3 floors!
  1976 | D:5      | Entered Level 5 of the Dungeon
  1985 | D:5      | Gained mutation: You have hidden genetic potential. [potion
                  | of mutation]
  1985 | D:5      | Gained mutation: You are vulnerable to heat. (rF-) [potion
                  | of mutation]
  1988 | D:5      | Noticed an ice beast
  2024 | D:4      | HP: 2/46 [adder (2)]
  2025 | D:4      | Succumbed to an adder's poison

Illustrated notes

Levels and vault maps discovered:
D:1:      minmay_arrival_diagonal_passages, layout_rooms
D:2:      layout_rooms
D:3:      layout_loops_cross, uniq_jessica
D:4:      layout_rooms, lemuel_temple_firewalk_b, serial_shops,
          nicolae_shop_behind_doors, minivault_25, nrook_mini_backslash
D:5:      layout_loops_ring, serial_undead, serial_undead_c, serial_undead_e,
          serial_undead_b, serial_undead_c, serial_undead_a, serial_undead_d,
          minmay_manual_mail
D:6:      layout_loops_corners, nicolae_hepliaklqana_hazy_memory,
          mainiacjoe_overflow_concentric_impassable, st_stairs_5,
          kennysheep_generic_room_8, uniq_maggie, uniq_duvessa, uniq_pikel

Skill      XL: |  1  2  3  4 |
---------------+-------------+-----
Dodging        | 3 |  3.6
Axes           | 4 |  4.7
Fighting       | 4 |  4.1
Stealth        | |  1.7

Action                   |  1- 3 |  4- 6 || total
-------------------------+-------+-------++-------
Melee: Hand axe          |   138 |    58 ||   196
       Tailslap          |    25 |     9 ||    34
  Use: Potion            |     7 |     5 ||    12
       Scroll            |     7 |     2 ||     9
 Stab: Sleeping          |     3 |     1 ||     4
Armor: Skin              |    46 |    32 ||    78
Dodge: Dodged            |    80 |    43 ||   123

Table legend: (Time is in decaauts)
 A = Elapsed time spent in this place.
 B = Non-inter-level travel time spent in this place.
 C = Inter-level travel time spent in this place.
 D = Time resting spent in this place.
 E = Time spent auto-exploring this place.
 F = Levels seen in this place.
 G = Mean time per level.
                   A        B        C        D        E       F      G
               +--------+--------+--------+--------+--------+-----+--------+
         Total |   2056 |   2039 |     17 |    258 |    870 |   6 |  342.7 |
       Dungeon |   2056 |   2039 |     17 |    258 |    870 |   6 |  342.7 |
               +--------+--------+--------+--------+--------+-----+--------+

Top non-repeatable levels by time:
     D:2: 831 daAuts
     D:3: 658 daAuts
     D:1: 501 daAuts
     D:4: 26 daAuts
     D:5: 23 daAuts
     D:6: 14 daAuts
